 Dungeon Crawl Stone Soup version 0.26-a0-639-g72c4674329 (webtiles) character file.

Game seed: 9016238344142155796

82093 Flugslaktarn the Severer (level 15, -22/146 HPs)
             Began as a Deep Dwarf Fighter on Sept 24, 2020.
             Was a Believer of Uskayaw.
             Annihilated by a shadow dragon simulacrum (24 damage)
             ... on level 3 of the Abyss.
             The game lasted 00:11:58 (12903 turns).

Flugslaktarn the Severer (Deep Dwarf Fighter)      Turns: 12903, Time: 00:11:59

Health: -22/146    AC: 25    Str: 26    XL:     15   Next: 28%
Magic:  1/1        EV: 10    Int:  9    God:    Uskayaw [**....]
Gold:   577        SH: 18    Dex: 12    Spells: 14/14 levels left

rFire    + . .     SeeInvis .   m - +9 broad axe (freeze)
rCold    . . .     Faith    .   c - +0 kite shield
rNeg     + + .     Spirit   .   N - +1 chain mail of Midnight {Rampage} (curse)
rPois    +         Reflect  +   K - +1 helmet
rElec    .         Harm     .   I - +2 cloak
rCorr    .         Rampage  +   k - +2 pair of gloves
MR       ++...                  H - +1 pair of boots of Eternal Vigilance {rN+}
Stlth    ..........             G - amulet of reflection
HPRegen  0.00/turn              o - ring of poison resistance
MPRegen  0.07/turn              f - ring of protection from fire

@: non-regenerating
A: damage resistance, heal wounds, negative energy resistance 1, sense
surroundings 2, no regeneration
a: Heal Wounds, Stomp, Line Pass, Renounce Religion


You were on level 3 of the Abyss.
You worshipped Uskayaw.
Uskayaw was aware of your devotion.
You visited 4 branches of the dungeon, and saw 23 of its levels.
You visited the Abyss 1 time.
You also visited: Ossuary and Bailey.

You collected 1509 gold pieces.
You spent 932 gold pieces at shops.

Inventory:

Hand Weapons
 m - a +9 broad axe of freezing (weapon)
   (You acquired it on level 12 of the Dungeon)
Armour
 b - a +0 plate armour
   (You took it off an orc warrior on level 6 of the Dungeon)
 c - a +0 kite shield (worn)
 k - a +2 pair of gloves (worn)
   (You found it on level 7 of the Dungeon)
 H - the +1 pair of boots of Eternal Vigilance (worn) {rN+}
   (You bought it in a shop on level 14 of the Dungeon)

   It protects you from negative energy.
 I - a +2 cloak (worn)
   (You bought it in a shop on level 14 of the Dungeon)
 K - a +1 helmet (worn)
   (You found it on level 15 of the Dungeon)
 N - the cursed +1 chain mail of Midnight (worn) {Rampage}
   (You found it on level 3 of the Abyss)

   It bestows one free step when moving towards enemies.
   It has a curse placed upon it.
Jewellery
 f - a ring of protection from fire (right hand)
   (You found it on level 15 of the Dungeon)
 o - a ring of poison resistance (left hand)
   (You found it on level 14 of the Dungeon)
 y - a +6 ring of dexterity
   (You found it on level 15 of the Dungeon)
 G - an amulet of reflection (around neck)
   (You found it on level 11 of the Dungeon)
Wands
 a - a wand of digging (5)
   (You took it off a gnoll on level 4 of the Dungeon)
 j - a wand of iceblast (32)
   (You took it off a gnoll on level 4 of the Dungeon)
 A - a wand of enslavement (17)
   (You found it on level 9 of the Dungeon)
 J - a wand of paralysis (21)
   (You found it on level 7 of the Dungeon)
Scrolls
 e - 2 scrolls of immolation
 i - 4 scrolls of fog
 r - 7 scrolls of identify
 t - 5 scrolls of teleportation
 v - a scroll of enchant weapon
 x - 10 scrolls of remove curse
 z - 3 scrolls of blinking
 B - a scroll of magic mapping
 F - 3 scrolls of summoning
 L - 2 scrolls of fear
Potions
 d - 7 potions of might
 g - a potion of flight
 h - 5 potions of haste
 l - 6 potions of ambrosia
 n - a potion of resistance
 p - 2 potions of lignification
 q - 10 potions of curing
 s - 3 potions of berserk rage
 u - a potion of invisibility
 w - 6 potions of heal wounds
 D - a potion of magic
 E - 3 potions of mutation
 M - a potion of cancellation
Miscellaneous
 C - a tin of tremorstones (3/3)
   (You found it on level 11 of the Dungeon)


   Skills:
 * Level 12.6 Fighting
 * Level 16.4 Axes
 + Level 11.0 Armour
 + Level 4.3 Dodging
 + Level 11.0 Shields
 + Level 11.1 Invocations
 + Level 8.7 Evocations


You had 14 spell levels left.
You didn't know any spells.
Your spell library was empty.

Dungeon Overview and Level Annotations

Branches:
Dungeon (15/15)            Temple (1/1) D:6            Lair (3/6) D:8
  Swamp (4/4) Lair:2       Spider (0/4) Lair:3          Orc (0/2) D:10
 Vaults (0/5) D:14         Depths (0/5) D:15        Ossuary (visited)
 Bailey (visited)

Altars:
Ashenzari
Cheibriados
Dithmenos
Elyvilon
Fedhas
Gozag
Hepliaklqana
Kikubaaqudgha
Nemelex Xobeh
Okawaru
Qazlal
Ru
Sif Muna
Trog
Uskayaw
Wu Jian
Xom
Yredelemnul
Zin
The Shining One
Beogh

Shops:
D:6 =   D:9 :   D:14 :[?

Portals:
Trove: D:15 (give +3 fire dragon scales)

Annotations:
D:8 exclusion: oklob plant
Swamp:4 Louise


Innate Abilities, Weirdness & Mutations

You are resistant to damage.
You can heal yourself by infusing magical energy.
You resist negative energy. (rN+)
You passively map the area around you.
You do not regenerate.


Message History

The shadow dragon simulacrum claws you but does no damage.
You block the shadow dragon simulacrum's attack.
You block the spatial vortex's attack.
A starcursed mass splits. x2
You are too injured to fight recklessly!
You are too injured to fight recklessly!
You are too injured to fight recklessly!
You are too injured to fight recklessly!
You block the small abomination's attack.
A starcursed mass splits.
You block the small abomination's attack.
Found 26 gold pieces.
You block the small abomination's attack.
You block the shadow dragon simulacrum's attack.
The shadow dragon simulacrum claws you.
* * * LOW HITPOINT WARNING * * *
The shadow dragon simulacrum freezes you!!!
* * * LOW HITPOINT WARNING * * *
The shadow dragon simulacrum claws you.
The shadow dragon simulacrum freezes you!!
You die...

.# # #. . # #.X #.
..###..# #.##
####.#.#.X.. #...##
...#.# # #XX.. ...#.##
...#.#...# #..###......#
.#..#..#..#...Z@#....#.
.#.##.#.#......xv......$
#.###..#...............
.#..# ..#......v........
###....#............v..
# ###.#................
. #....###....#.... #
.#.## ##.#####.# . #...
... ..


You could see 2 starcursed masses, a spatial maelstrom, 2 spatial vortices, a
small abomination and a shadow dragon simulacrum.

Vanquished Creatures
  A tentacled starspawn (Abyss:3)
  Agnes (D:14)
  An orc warlord (Bailey)
  Fannar (D:12)
  3 hydras
  2 ice dragons (D:15)
  3 alligators
  A shambling mangrove (Swamp:2)
  5 two-headed ogres
  3 centaur warriors
  2 dancing weapons (D:14)
  A tengu warrior (D:15)
  5 skeletal warriors (D:15)
  A swamp dragon (Swamp:3)
  4 lindwurms (D:14)
  A deep elf mage (D:14)
  4 orc knights (Bailey)
  6 cyclopes
  3 ugly things
  A black mamba (Lair:3)
  A manticore (D:14)
  Psyche (D:11)
  2 gargoyles
  A cane toad (shapeshifter) (D:13)
  7 cane toads
  2 kobold demonologists (D:12)
  4 komodo dragons
  4 yaktaurs (D:15)
  5 trolls
  3 large abominations (Abyss:3)
  4 tyrant leeches
  6 hornets
  8 hippogriffs
  13 blink frogs
  17 slime creatures
  A bog body (Swamp:3)
  A centaur simulacrum (D:14)
  Sigmund (D:4)
  A water elemental (Abyss:3)
  6 spriggans
  A wraith (D:11)
  A neqoxec (Abyss:3)
  3 wyverns
  25 yaks
  3 swamp worms
  2 vampire mosquitoes (D:15)
  3 insubstantial wisps (Swamp:1)
  Duvessa (D:7)
  2 acid dragons (D:15)
  A soldier ant (D:14)
  5 porcupines
  2 swamp drakes
  4 water moccasins
  21 orc warriors
  3 sky beasts
  An ice beast (D:7)
  2 black bears (D:8)
  2 necrophages
  2 phantoms
  9 wolves (Lair:1)
  3 ogres
  11 centaurs
  10 crocodiles
  5 big kobolds
  10 bullfrogs
  3 scorpions
  Dowan (D:7)
  17 killer bees
  26 wights
  An electric eel (D:7)
  3 howler monkeys
  6 bullfrog zombies
  7 centaur zombies
  6 jellies
  A bullfrog skeleton (D:11)
  5 centaur skeletons
  2 hounds
  7 orc priests
  3 iguanas
  Natasha (D:4)
  16 orc wizards
  16 worker ants
  A killer bee zombie (Ossuary)
  8 hound zombies
  A hound skeleton (D:9)
  11 mummies (Ossuary)
  A worker ant zombie (Ossuary)
  13 gnolls
  A howler monkey skeleton (D:4)
  3 adders
  4 white imps
  An ufetubus (D:10)
  5 adder zombies
  An adder skeleton (D:4)
  2 worms
  2 dart slugs
  2 leopard geckos
  78 orcs
  9 giant cockroaches
  21 goblins
  17 hobgoblins
  17 jackals
  8 quokkas
  6 bats
  2 frilled lizards (D:2)
  A jackal skeleton (D:6)
  2 jackal zombies (Ossuary)
  34 kobolds
  3 quokka zombies
  A rat (D:2)
  A starspawn tentacle (Abyss:3)
646 creatures vanquished.

Vanquished Creatures (others)
  An orc wizard (D:9)
  7 fungi
  12 plants
  2 starspawn tentacles (Abyss:3)
  3 withered plants (Ossuary)
25 creatures vanquished.

Grand Total: 671 creatures vanquished

Notes
Turn   | Place    | Note
-------+----------+-------------------------------------------
     0 | D:1      | Flugslaktarn the Deep Dwarf Fighter began the quest for the
                  | Orb.
     0 | D:1      | Reached XP level 1. HP: 20/20 MP: 1/1
    81 | D:1      | You fall into a shaft and drop 1 floor!
   109 | D:1      | Reached XP level 2. HP: 13/27 MP: 2/2
   218 | D:2      | Reached XP level 3. HP: 28/34 MP: 3/3
   336 | D:3      | Reached skill level 3 in Axes
   469 | D:3      | Reached XP level 4. HP: 25/42 MP: 4/4
   717 | D:4      | Found a snail-covered altar of Cheibriados.
   725 | D:4      | Found a shattered altar of Ashenzari.
   725 | D:4      | Found an ancient bone altar of Kikubaaqudgha.
   780 | D:4      | Reached XP level 5. HP: 39/50 MP: 5/5
   788 | D:4      | Reached skill level 4 in Axes
   971 | D:4      | Noticed Natasha
   986 | D:4      | Killed Natasha
   987 | D:4      | Noticed a phantom
  1009 | D:4      | Killed a phantom
  1009 | D:4      | Reached XP level 6. HP: 41/57 MP: 6/6
  1021 | D:4      | Noticed Sigmund
  1033 | D:4      | Killed Sigmund
  1057 | D:4      | Reached skill level 5 in Axes
  1305 | D:4      | Reached XP level 7. HP: 24/66 MP: 6/6
  1447 | D:5      | Entered Level 5 of the Dungeon
  1544 | D:5      | Reached skill level 5 in Fighting
  1787 | D:5      | Reached skill level 6 in Axes
  1787 | D:5      | Reached skill level 5 in Armour
  1787 | D:5      | Reached skill level 5 in Shields
  2065 | D:5      | Reached XP level 8. HP: 46/76 MP: 6/6
  2409 | D:6      | Found Keotuown's Jewellery Emporium.
  2460 | D:6      | Reached skill level 7 in Axes
  2603 | D:6      | Found a staircase to the Ecumenical Temple.
  2667 | Temple   | Entered the Ecumenical Temple
  2857 | Temple   | Became a worshipper of Uskayaw the Reveler
  2916 | D:6      | Reached * piety under Uskayaw
  2935 | D:6      | Reached ** piety under Uskayaw
  2945 | D:6      | Reached *** piety under Uskayaw
  3104 | D:6      | Found a shimmering blue altar of Sif Muna.
  3132 | D:7      | Noticed Dowan
  3133 | D:7      | Noticed Duvessa
  3144 | D:7      | Reached skill level 1 in Invocations
  3146 | D:7      | Reached **** piety under Uskayaw
  3148 | D:7      | Killed Dowan
  3154 | D:7      | Killed Duvessa
  3159 | D:7      | Reached ***** piety under Uskayaw
  3189 | D:7      | Gained mutation: You passively map the area around you.
                  | [Deep Dwarf growth]
  3189 | D:7      | Reached XP level 9. HP: 53/85 MP: 6/6
  3262 | D:7      | Found a stormy altar of Qazlal.
  3405 | D:7      | Reached skill level 8 in Axes
  3632 | D:7      | Found a sand-covered staircase.
  3639 | Ossuary  | Entered an ossuary
  4274 | D:8      | Reached skill level 9 in Axes
  4295 | D:8      | Reached ****** piety under Uskayaw
  4301 | D:8      | Reached XP level 10. HP: 58/96 MP: 8/8
  4372 | D:8      | Found a staircase to the Lair.
  4474 | D:8      | Found a white marble altar of Elyvilon.
  4685 | D:8      | Reached skill level 5 in Invocations
  4923 | D:8      | Noticed an oklob plant
  4955 | D:8      | Found a shadowy altar of Dithmenos.
  4982 | D:8      | Found a stormy altar of Qazlal.
  5491 | D:9      | Found Iczu's Book Shop.
  5821 | D:9      | Found a shimmering blue altar of Sif Muna.
  5878 | D:9      | Found an opulent altar of Gozag.
  6142 | D:10     | Entered Level 10 of the Dungeon
  6187 | D:10     | Reached skill level 10 in Axes
  6214 | D:10     | Found a staircase to the Orcish Mines.
  6215 | D:10     | Found a roughly hewn altar of Beogh.
  6795 | D:11     | Noticed Psyche
  6797 | D:11     | Reached XP level 11. HP: 53/106 MP: 8/8
  6802 | D:11     | Killed Psyche
  6883 | D:11     | Noticed a brown ugly thing
  6888 | D:11     | Killed a brown ugly thing
  7000 | D:11     | Noticed a two-headed ogre
  7012 | D:11     | Killed a two-headed ogre
  7249 | D:11     | Reached skill level 11 in Axes
  7249 | D:11     | Reached skill level 1 in Evocations
  7413 | D:11     | Reached skill level 10 in Fighting
  7716 | D:12     | Noticed a two-headed ogre
  7723 | D:12     | Killed a two-headed ogre
  7795 | D:12     | Found a flagged portal.
  7858 | Bailey   | Entered a bailey
  7950 | Bailey   | Noticed an orc knight
  7953 | Bailey   | Noticed an orc knight
  7959 | Bailey   | Killed an orc knight
  7968 | Bailey   | Killed an orc knight
  7968 | Bailey   | Reached XP level 12. HP: 41/116 MP: 7/9
  8089 | Bailey   | Noticed an orc warlord
  8123 | Bailey   | Killed an orc warlord
  8123 | Bailey   | Reached skill level 12 in Axes
  8190 | D:12     | Identified a scroll of acquirement
  8190 | D:12     | Acquired a +6 vorpal broad axe
  8194 | D:12     | Reached skill level 14 in Axes
  8194 | D:12     | Reached XP level 13. HP: 30/124 MP: 10/10
  8228 | D:12     | Noticed Fannar
  8237 | D:12     | Killed Fannar
  8482 | D:13     | Reached skill level 5 in Evocations
  9056 | D:14     | Found a gate to the Vaults.
  9137 | D:14     | Reached skill level 15 in Axes
  9277 | D:14     | Noticed Agnes
  9286 | D:14     | Found Onnevaok's Antique Armour Boutique.
  9310 | D:14     | Killed Agnes
  9310 | D:14     | Gained mutation: You resist negative energy. (rN+) [Deep
                  | Dwarf growth]
  9310 | D:14     | Reached XP level 14. HP: 49/135 MP: 6/9
  9373 | D:14     | Bought a pair of ancient boots for 275 gold pieces
  9373 | D:14     | Bought a glowing cloak for 217 gold pieces
  9383 | D:14     | Identified the +1 pair of boots of Eternal Vigilance {rN+}
                  | (You bought it in a shop on level 14 of the Dungeon)
  9557 | D:14     | Found Vesenkah's Book Shop.
  9625 | D:14     | Found Wocasit's Magic Scroll Emporium.
  9628 | D:14     | Bought a scroll of brand weapon for 320 gold pieces
  9633 | D:14     | Bought a scroll of enchant armour for 120 gold pieces
  9700 | D:14     | Reached skill level 10 in Armour
  9700 | D:14     | Reached skill level 10 in Shields
  9737 | D:15     | Entered Level 15 of the Dungeon
  9821 | D:15     | Found a portal to a secret trove of treasure.
 10068 | D:15     | Reached skill level 10 in Invocations
 10068 | D:15     | Reached skill level 1 in Dodging
 10137 | D:15     | Found a staircase to the Depths.
 10550 | Lair:1   | Entered Level 1 of the Lair of Beasts
 11225 | Lair:2   | Found a staircase to the Swamp.
 11541 | Lair:3   | Found a hole to the Spider Nest.
 11690 | Lair:3   | Found a frozen archway.
 11870 | Lair:3   | Reached skill level 16 in Axes
 12284 | Swamp:1  | Entered Level 1 of the Swamp
 12402 | Swamp:2  | Reached XP level 15. HP: 77/146 MP: 4/4
 12734 | Swamp:4  | Entered Level 4 of the Swamp
 12734 | Swamp:4  | Identified the +2 tower shield "Lyecir" {rPois}
 12734 | Swamp:4  | Noticed Louise
 12747 | Swamp:4  | Cast into level 3 of the Abyss (Louise)
 12782 | Abyss:3  | Noticed a tentacled starspawn
 12783 | Abyss:3  | Found a corrupted altar of Lugonu.
 12792 | Abyss:3  | Got a fading chain mail
 12817 | Abyss:3  | Identified the cursed +1 chain mail of Midnight {Rampage}
                  | (You found it on level 3 of the Abyss)
 12840 | Abyss:3  | Noticed a tentacled starspawn
 12864 | Abyss:3  | Killed a tentacled starspawn
 12903 | Abyss:3  | HP: 2/146 [shadow dragon simulacrum (38)]
 12903 | Abyss:3  | Annihilated by a shadow dragon simulacrum

Illustrated notes

Levels and vault maps discovered:
D:1:      wander_arrival_fairy_ring, layout_basic
D:2:      layout_loops_ring, nicolae_overflow_hidden_temple,
          kennysheep_cross_bottleneck, hangedman_decor_opposing,
          kennysheep_generic_room_5
D:3:      layout_loops_ring, kennysheep_pointless_box
D:4:      layout_loops_corners, gammafunk_temple_overflow_forgotten,
          uniq_sigmund, uniq_natasha
D:5:      layout_layer_cave, serial_bayou_crossing
D:6:      layout_gridville, lemuel_blue_sif_altar, temple_statues, serial_shops,
          shop, kennysheep_generic_room_12
D:7:      layout_loops_cross, lemuel_crystal_altar, chequers_ossuary_entry_cave,
          nicolae_water_bricks, uniq_duvessa
D:8:      layout_layer_cave, nicolae_dithmenos_the_darkroom,
          lemuel_coloured_pillars_altar, grunt_lair_entry_orc_guard_hut,
          lemuel_oklob_altar
D:9:      kennysheep_orc_sif_temple, layout_basic, lemuel_doored_altar,
          serial_shops, shop
D:10:     layout_gridville, david_orc_5
D:11:     layout_basic, uniq_psyche
D:12:     layout_big_octagon, enter_bailey_8, uniq_fannar
D:13:     layout_loops_ring
D:14:     layout_cave_pools, erik_vaults_1, serial_shops, kennysheep_mini_moat,
          shop, nicolae_shop_behind_doors, nicolae_twisting_strands,
          minmay_lindwurm_lava, uniq_agnes
D:15:     grunt_enter_depths_hoard, layout_long_grid, enter_trove_0
Temple:   minmay_temple_bridge_abc
Lair:1:   layout_big_grid, serial_bayou_lake_a
Lair:2:   layout_loops_ring, minmay_swamp_entry_reptiles
Lair:3:   layout_misc_corridors, nicolae_spider_entry_non_spiders,
          portal_ice_cave_entry_pillars_1, wad_woods_road_04
Swamp:1:  cheibrodos_swamp_tower_of_moss, layout_basic_swamp,
          evilmike_swamp_ruin_rubble_1, swamp_pool1, nicolae_swamp_treefoil
Swamp:2:  layout_falls_marsh, nicolae_swamp_triple_paths
Swamp:3:  layout_falls_marsh, hangedman_swamp_cone, uniq_mara
Swamp:4:  byrel_swamp_growth_death_and_undeath, layout_basic_swamp, uniq_louise
Abyss:3:  base: IceCv, gammafunk_corrupted_shrine, doesnt_abyss_rune_brain_food,
          gammafunk_corrupted_shrine, bh_abyss_negative

Skill      XL: |  1  2  3  4  5  6  7  8  9 10 11 12 13 14 15 |
---------------+----------------------------------------------+-----
Fighting       | 3 4 5 6 8 9 10 11 12 | 12.6
Axes           | 3 4 5 6 7 9 10 11 14 15 16 | 16.4
Armour         | 4 5 6 7 8 9 10 11 | 11.0
Shields        | 4 5 6 7 8 9 10 11 | 11.0
Invocations    | 1 4 6 8 9 10 11 | 11.1
Evocations     | 3 4 6 8 |  8.7
Dodging        | 3 4 |  4.3

Action                   |  1- 3 |  4- 6 |  7- 9 | 10-12 | 13-15 || total
-------------------------+-------+-------+-------+-------+-------++-------
Melee: War axe           |   110 |   116 |   488 |   431 |       ||  1145
       Broad axe         |       |       |       |       |   621 ||   621
Invok: Line Pass         |       |       |       |       |     1 ||     1
       Stomp             |       |       |       |       |     1 ||     1
 Abil: Heal Wounds       |     1 |     3 |    22 |    19 |    46 ||    91
Evoke: Wand              |       |       |       |     4 |       ||     4
       Tin of tremorston |       |       |       |     3 |       ||     3
  Use: Scroll            |       |     6 |     3 |    21 |    13 ||    43
       Potion            |       |       |     1 |     1 |     1 ||     3
 Stab: Paralysed         |       |       |    19 |    36 |    77 ||   132
Armor: Scale mail        |    92 |    43 |    40 |       |       ||   175
       Chain mail        |       |       |    55 |       |     3 ||    58
       Plate armour      |       |       |   179 |   187 |   274 ||   640
Dodge: Dodged            |    57 |    23 |   121 |    64 |   108 ||   373
Block: Kite shield       |    72 |    58 |   303 |   293 |   497 ||  1223
       Reflection        |       |       |       |     6 |    29 ||    35

Table legend: (Time is in decaauts)
 A = Elapsed time spent in this place.
 B = Non-inter-level travel time spent in this place.
 C = Inter-level travel time spent in this place.
 D = Time resting spent in this place.
 E = Time spent auto-exploring this place.
 F = Levels seen in this place.
 G = Mean time per level.
                   A        B        C        D        E       F      G
               +--------+--------+--------+--------+--------+-----+--------+
         Total |  13085 |  12430 |    655 |    100 |   8779 |  26 |  503.3 |
       Dungeon |   9930 |   9419 |    511 |    100 |   6736 |  15 |  662.0 |
        Temple |    212 |    181 |     31 |      0 |    179 |   1 |  212.0 |
          Lair |   1714 |   1633 |     81 |      0 |   1382 |   3 |  571.3 |
         Swamp |    450 |    419 |     31 |      0 |    175 |   4 |  112.5 |
         Abyss |    148 |    148 |      0 |      0 |     71 |   1 |  148.0 |
       Ossuary |    304 |    304 |      0 |      0 |     80 |   1 |  304.0 |
        Bailey |    324 |    324 |      0 |      0 |    154 |   1 |  324.0 |
               +--------+--------+--------+--------+--------+-----+--------+

Top non-repeatable levels by time:
     D:8: 1260 daAuts
    D:11: 986 daAuts
     D:5: 912 daAuts
     D:4: 884 daAuts
     D:7: 835 daAuts
  Lair:3: 766 daAuts
     D:9: 740 daAuts
    D:14: 698 daAuts
    D:15: 671 daAuts
     D:6: 612 daAuts
    D:13: 602 daAuts
    D:10: 593 daAuts
  Lair:2: 539 daAuts
    D:12: 458 daAuts
  Lair:1: 408 daAuts
